 Dungeon Crawl Stone Soup version 0.22-a0-283-g1871b15 (webtiles) character file.

4 4thArraOfDagon the Grasshopper (level 1, -1/16 HPs)
             Began as a Formicid Warper on Mar 18, 2018.
             Slain by an ooze (4 damage)
             ... on level 3 of the Dungeon.
             The game lasted 00:01:32 (400 turns).

4thArraOfDagon the Grasshopper (Formicid Warper)     Turns: 400, Time: 00:01:33

Health: -1/16      AC:  3    Str: 15    XL:     1   Next: 77%
Magic:  3/3        EV: 11    Int: 12    God:
Gold:   43         SH:  0    Dex: 10    Spells: 4/4 levels left

rFire    . . .     SeeInvis +   a - +0 falchion
rCold    . . .     Gourm    .   (no shield)
rNeg     . . .     Faith    .   b - +0 leather armour
rPois    .         Spirit   .   (helmet unavailable)
rElec    .         Reflect  .   (no cloak)
rCorr    .         Harm     .   (no gloves)
MR       .....                  (no boots)
Stlth    +.........             (no amulet)
HPRegen  0.05/turn              (no ring)
MPRegen  0.08/turn              (no ring)

@: no status effects
A: permanent stasis, dig shafts and tunnels, four strong arms, antennae 3
a: Dig, Shaft Self


You were on level 3 of the Dungeon.
You were not hungry.

You visited 1 branch of the dungeon, and saw 5 of its levels.

You collected 43 gold pieces.

Inventory:

Hand Weapons
 a - a +0 falchion (weapon)
Missiles
 e - 5 tomahawks of dispersal (quivered)
Armour
 b - a +0 leather armour (worn)
Wands
 i - a wand of random effects (30)
Scrolls
 d - a scroll of blinking
 g - 2 scrolls of identify
 h - a scroll of enchant armour
Potions
 c - 2 potions of lignification
Comestibles
 f - a ration


   Skills:
 - Level 2.1 Fighting
 * Level 2.4 Long Blades
 - Level 1.0 Throwing
 - Level 1.1 Armour
 - Level 1.7 Dodging
 - Level 2.1 Spellcasting
   Level 2.6 Translocations


You had 4 spell levels left.
You didn't know any spells.

Dungeon Overview and Level Annotations

Branches:
Dungeon (5/15)
 Temple: D:4-7

Altars:
Elyvilon

Shops:
D:4 *


Innate Abilities, Weirdness & Mutations

You cannot be hasted, slowed, berserked, paralysed or teleported.
You can dig through walls and to a lower floor.
Your four strong arms can wield two-handed weapons with a shield.
You have a pair of large antennae on your head. (SInv)


Message History

The ooze hits you.
You barely miss the ooze.
The ooze is lightly wounded.
The ooze hits you.
You hit the ooze but do no damage. The ooze closely misses you. x2
You riposte.
You slash the ooze!
The ooze is heavily wounded.
You hit the ooze.
The ooze is almost dead.
The ooze hits you.
You are too injured to fight recklessly!
You are too injured to fight recklessly!
You barely miss the ooze.
The ooze is severely wounded.
The ooze hits you.
* * * LOW HITPOINT WARNING * * *
You hit the ooze.
The ooze is almost dead.
The ooze hits you.
You die...

#.##.# #.#
#..... ..# #
####.# ####
.. #.# #.##
#.# ...#.#
#.#.## #
#.J..##.#####
#..@.>.......
#.<..##.#####
#.#.## #
......
#####.# #'#
... ...


You could see an ooze.

Vanquished Creatures
  A bat (D:1)
  2 kobolds (D:1)
  A frilled lizard (D:4)
  A rat (D:1)
5 creatures vanquished.

Notes
Turn   | Place    | Note
-------+----------+-------------------------------------------
     0 | D:1      | 4thArraOfDagon the Formicid Warper began the quest for the Orb.
     0 | D:1      | Reached XP level 1. HP: 16/16 MP: 3/3
    88 | D:2      | You fall through a shaft!
   104 | D:3      | Found a white marble altar of Elyvilon.
   113 | D:3      | You fall through a shaft!
   119 | D:4      | Found Vahoisadgh's Assorted Antiques.
   156 | D:5      | Entered Level 5 of the Dungeon
   158 | D:5      | Noticed a water moccasin
   284 | D:5      | Noticed a sky beast
   400 | D:3      | Slain by an ooze

Vault maps used:
D:1:      dpeg_arrival_connections, cheibriados_altar_1
D:2:      serial_bayou, serial_bayou_crossing, serial_bayou_lagoon_a,
          serial_bayou_pond_b, serial_bayou_lake_a, uniq_crazy_yiuf_cottage,
          uniq_natasha
D:3:      elyvilon_altar_1, fiery_altar_vehumet, led_sif_book,
          portal_sewer_entry_d, first_ration, kennysheep_generic_room_15
D:4:      grunt_temple_overflow_bloody_war, yredelemnul_forgotten_temple_becter,
          old_standard_altar, serial_shops, shop, nicolae_underground_beach
D:5:      basic_altar, corexii_leaking_fountain, grunt_ministairs_2

Action                   || total
-------------------------++-------
Melee: Falchion          ||    19
 Abil: Dig               ||     2
       Shaft Self        ||     2
  Use: Scroll            ||     4
Armor: Leather armour    ||     5
Dodge: Dodged            ||    12
       Rpst.: Falchion   ||     3

Table legend:
 A = Spawn XP
 B = Non-spawn XP
 C = Spawn XP percentage of total XP
 D = Spawn monster count
 E = Non-spawn monster count
 F = Spawn count percentage of total count
 G = Total turns spent on level
                    A         B        C        D         E        F      G
               +---------+---------+-------+---------+---------+-------+---------
         Total |       0 |       7 |   0.0 |       0 |       5 |   0.0 |   400
               +---------+---------+-------+---------+---------+-------+---------
           D:1 |       0 |       6 |   0.0 |       0 |       4 |   0.0 |    77
           D:4 |       0 |       1 |   0.0 |       0 |       1 |   0.0 |   250
               +---------+---------+-------+---------+---------+-------+---------
